 Dungeon Crawl Stone Soup version 0.29-a0-275-g389c0b56f3 (webtiles) character file.

Game seed: 11594834725228488301

573 sokol815 the Covert (level 7, -2/46 HPs)
             Began as an Octopode Delver on Mar 11, 2022.
             Slain by Pargi (8 damage)
             ... on level 4 of the Dungeon.
             The game lasted 00:11:21 (5189 turns).

sokol815 the Covert (Octopode Delver)               Turns: 5189, Time: 00:11:22

Health: -2/46      AC:  1    Str: 11    XL:     7   Next: 34%
Magic:  7/7        EV: 13    Int: 14    God:
Gold:   192        SH:  0    Dex: 16    Spells: 3/6 levels left

rFire   . . .      SeeInvis .   a - +2 dagger (flame)
rCold   . . .      Faith    .   (no shield)
rNeg    . . .      Spirit   .   (helmet restricted)
rPois   +          Reflect  .   q - amulet "Xyonk" {Will+ Regen+ Dex+2}
rElec   .          Harm     .   c - ring "Dawixoupun" {rPois Will+}
rCorr   .          Rampage  .   Z - ring of wizardry {Wiz+, !d}
Will    ++...                   (no ring)
Stlth   +++++.....              (no ring)
HPRegen 0.95/turn               (no ring)
MPRegen 0.10/turn               (no ring)
                                (no ring)
                                (no ring)

@: hasted, very quick
A: almost no armour, amphibious, 8 rings, camouflage 1, gelatinous body 1,
(nimble swimmer 1), tentacles
a: no special abilities


You were on level 4 of the Dungeon.
You visited 1 branch of the dungeon, and saw 5 of its levels.

You collected 203 gold pieces.
You spent 11 gold pieces at shops.

Inventory:

Hand Weapons
 a - a +2 dagger of flaming (weapon)
   (You took it off an orc wizard on level 4 of the Dungeon)
 e - a +2 quarterstaff of chaos
   (You took it off Crazy Yiuf on level 3 of the Dungeon)
 j - a +2 flail of draining
   (You took it off Terence on level 2 of the Dungeon)
 r - a +0 hunting sling
   (You found it on level 2 of the Dungeon)
 t - a +2 flail of holy wrath
   (You found it on level 4 of the Dungeon)
Missiles
 g - 17 poisoned darts
 l - 2 throwing nets {!d}
 s - 126 stones
Magical Staves
 f - a staff of air {rElec}
   (You found it on level 4 of the Dungeon)
 v - a staff of air {rElec}
   (You found it on level 4 of the Dungeon)
Jewellery
 c - the ring "Dawixoupun" (left tentacle) {rPois Will+}
   (You acquired it on level 2 of the Dungeon)

   [ring of willpower]

   rPois:     It protects you from poison.
   Will:      It increases your willpower.
 q - the amulet "Xyonk" (around mantle) {Will+ Regen+ Dex+2}
   (You found it on level 2 of the Dungeon)

   [amulet of regeneration]

   Dex:       It affects your dexterity (+2).
   Regen:     It increases your rate of health regeneration.
   Will:      It increases your willpower.
 Z - a ring of wizardry (right tentacle) {Wiz+, !d}
   (You found it on level 2 of the Dungeon)
Wands
 d - a wand of digging (3)
 i - a wand of iceblast (20)
   (You found it on level 4 of the Dungeon)
Scrolls
 b - 3 scrolls of fog
 E - 2 scrolls of fear
 K - a scroll of immolation {!r}
 V - a scroll of vulnerability {!r!r}
 X - a scroll of magic mapping {@r4!r}
 Y - 2 scrolls of teleportation {@r3}
Potions
 h - a potion of might
 m - 2 potions of heal wounds {unknown}
 n - a potion of flight {unknown}
 o - a potion of curing {unknown}
 p - 2 potions of attraction {unknown}
 u - a potion of resistance {unknown}
 T - a potion of berserk rage {!q}


   Skills:
 - Level 3.0 Fighting
 + Level 4.5 Short Blades
 - Level 2.1 Dodging
 - Level 9.1 Stealth
 * Level 4.3 Ice Magic


You had 3 spell levels left.
You knew the following spells:

 Your Spells              Type           Power      Damage    Failure   Level
A - Ozocubu's Armour      Ice            12%        N/A       6%          3

Your spell library contained the following spells:

 Spells                   Type           Power      Damage    Failure   Level
 Animate Skeleton         Necr           0%         N/A       12%         1
 Pain                     Necr           0%         1d4       12%         1
 Vampiric Draining        Necr           0%         2d6       32%         3
 Ozocubu's Refrigeration  Ice            6%         4d6       100%        7


Dungeon Overview and Level Annotations

Branches:
Dungeon (5/15)
 Temple: D:4-7

Altars:
Kikubaaqudgha
Okawaru
Yredelemnul

Shops:
D:2 !

Annotations:
D:4 Pargi


Innate Abilities, Weirdness & Mutations

You cannot wear most types of armour.
You are amphibious.
You can wear up to eight rings at the same time.
Your skin changes colour to match your surroundings (Stealth+).
Your rubbery body absorbs attacks. (AC +1, EV +1)
((You are camouflaged when in or above water. (Stealth+)))
You have tentacles for arms and can constrict up to eight enemies at once.


Message History

You spit the bat skeleton like a pig!!! You burn the bat skeleton.
You destroy the bat skeleton!
No target in view!
No target in view!
A bat skeleton comes into view.
The helpless bat skeleton fails to defend itself.
You perforate the bat skeleton like a sieve!!!
You burn the bat skeleton.
You destroy the bat skeleton!
No target in view!
No target in view!
A bat zombie comes into view.
There is a dry fountain here.
Pargi the Meek comes into view.
A bat zombie, a bat skeleton and a vampire bat come into view.
Found an ancient bone altar of Kikubaaqudgha.
The bat zombie barely misses you. The bat zombie hits you.
Pargi shouts!
You take 1 damage, and have 45/46 hp.
You closely miss Pargi. The bat zombie closely misses you.
The bat zombie barely misses you.
A bat zombie comes into view.
Pargi bites you.
Pargi claws you. x2; The bat zombie misses you.
You take 8 damage, and have 37/46 hp.
You hit Pargi. You burn Pargi. Your squeeze misses Pargi.
The bat zombie hits you but does no damage. x2
Pargi closely misses you. Pargi barely misses you. Pargi claws you.
The bat zombie hits you. x2
You take 3 damage, and have 34/46 hp.
You hit Pargi but do no damage. Your squeeze misses Pargi.
The bat zombie closely misses you. The bat zombie misses you.
The bat zombie closely misses you. x2; The bat zombie misses you.
The bat zombie barely misses you. Pargi bites you. Pargi barely misses you.
Pargi claws you.
You take 3 damage, and have 31/46 hp.
The bat zombie hits you. The bat zombie misses you.
You take 1 damage, and have 30/46 hp.
The bat zombie hits you but does no damage. x2
The bat zombie attacks as you move away!
The bat zombie misses you. The bat zombie hits you.
The bat zombie closely misses you. The bat zombie completely misses you.
You closely miss the bat zombie. Your grab misses the bat zombie.
The bat zombie hits you but does no damage. x2
The bat zombie hits you.
You hit the bat zombie. You burn the bat zombie. You grab the bat zombie.
You constrict the bat zombie. The bat zombie barely misses you.
The bat zombie closely misses you.
You hit the bat zombie. You burn the bat zombie.
You destroy the bat zombie!
The vampire bat barely misses you.
Aim: a vampire bat The mass of ice explodes!
The iceblast engulfs the vampire bat!
The bat zombie hits you. The bat zombie misses you.
You hit the bat zombie. You burn the bat zombie.
Your grab misses the bat zombie. The bat zombie barely misses you. x2
You hit the vampire bat. You burn the vampire bat.
You destroy the vampire bat!
The bat zombie hits you but does no damage.
The bat zombie closely misses you.
You hit the bat zombie. You burn the bat zombie. You grab the bat zombie.
Your squeeze misses the bat zombie. You constrict the bat zombie.
The bat zombie closely misses you. The bat zombie barely misses you.
You hit the bat zombie. You burn the bat zombie.
You destroy the bat zombie!
You closely miss Pargi. You squeeze Pargi. You hit Pargi. You burn Pargi.
Pargi bites you. Pargi closely misses you. Pargi barely misses you.
You take 5 damage, and have 32/46 hp.
You hit Pargi. You burn Pargi. Pargi bites you! Pargi claws you. x2
You take 11 damage, and have 21/46 hp.
MASSIVE DAMAGE!!
You barely miss Pargi. Your squeeze misses Pargi. You hit Pargi.
You burn Pargi. Pargi bites you. Pargi barely misses you.
Pargi completely misses you.
You take 5 damage, and have 16/46 hp.
You hit Pargi. You burn Pargi. Pargi bites you!
* * * LOW HITPOINT WARNING * * *
Pargi claws you but does no damage. Pargi claws you.
* * * LOW HITPOINT WARNING * * *
You take 8 damage, and have 8/46 hp.
The bat skeleton hits you but does no damage.
The bat skeleton completely misses you.
You miss Pargi. You squeeze Pargi! The bat skeleton barely misses you. x2
Pargi barely misses you. Pargi claws you.
* * * LOW HITPOINT WARNING * * *
Pargi closely misses you.
You take 3 damage, and have 6/46 hp.
You closely miss the bat skeleton. Your grab misses the bat skeleton.
Your squeeze misses the bat skeleton. The bat skeleton closely misses you.
The bat skeleton barely misses you.
You feel yourself speed up. The bat skeleton hits you.
* * * LOW HITPOINT WARNING * * *
The bat skeleton closely misses you. Pargi barely misses you.
Pargi closely misses you. Pargi claws you.
* * * LOW HITPOINT WARNING * * *
The bat skeleton closely misses you.
You take 1 damage, and have 6/46 hp.
Pargi attacks as you move away! Pargi bites you!
You die...

###...##........##.....###
# #....#.........#....##
###..................##
.....................##
......#####'''#####<..#
......# ##.....## ###.##
##...####.⌠.#.⌠.## ##.##
##..###.#.#.#.#.# ##.##
###...##..#.⌠.#Z@# ##.##
.##...##.#.#.#Z#T# ##.#
......###.⌠.#.⌠.## ##.#
......##.#.#.#.#.## ###
##....#.⌠.#.⌠.#.T.# ##.#
......##.#.#.#.#Z## #>##
......#.#.⌠.#b⌠Z#.# ##.#
......##.#.#Z#.#.#######.##
......#.⌠.#...#.⌠.#......#


You could see Pargi, a bat zombie and a bat skeleton.

Vanquished Creatures
  2 scorpions (D:4)
  A vampire bat (D:4)
  Crazy Yiuf (D:3)
  2 hounds
  Natasha (thrice) (D:2)
  2 orc wizards (D:4)
  Terence (D:2)
  3 gnolls (D:3)
  5 adders
  2 worms
  5 dart slugs
  5 orcs
  5 bats
  2 bat skeletons (D:4)
  2 bat zombies (D:4)
  8 endoplasms
  A giant cockroach (D:1)
  15 goblins
  8 hobgoblins
  6 jackals
  8 kobolds
  4 quokkas
  5 ball pythons
  5 rats
  A spectral orc (D:3)
102 creatures vanquished.

Vanquished Creatures (others)
  4 fungi (D:3)
4 creatures vanquished.

Grand Total: 106 creatures vanquished

Notes
Turn   | Place    | Note
-------+----------+-------------------------------------------
     0 | D:5      | sokol815 the Octopode Delver began the quest for the Orb.
     0 | D:5      | Reached XP level 1. HP: 16/16 MP: 1/1
    36 | D:3      | Found an iron altar of Okawaru.
    78 | D:3      | Reached XP level 2. HP: 21/21 MP: 2/2
   318 | D:3      | Reached skill level 7 in Stealth
   330 | D:3      | Reached XP level 3. HP: 19/26 MP: 3/3
   805 | D:2      | Identified a scroll of acquirement
   805 | D:2      | Acquired the ring "Dawixoupun" {rPois Will+}
   872 | D:2      | Reached XP level 4. HP: 18/31 MP: 4/4
  1115 | D:1      | Reached skill level 8 in Stealth
  1438 | D:1      | Reached skill level 3 in Short Blades
  2626 | D:2      | Reached XP level 5. HP: 36/36 MP: 5/5
  2639 | D:2      | Identified the amulet "Xyonk" {Will+ Regen+ Dex+2}
  2667 | D:2      | Noticed Terence
  2686 | D:2      | Learned a level 3 spell: Ozocubu's Armour
  2792 | D:2      | Found Otzeed's Distillery.
  2813 | D:2      | Bought a potion of degeneration for 11 gold pieces
  2949 | D:2      | Noticed Natasha
  3243 | D:2      | Killed Terence
  3244 | D:2      | Reached skill level 1 in Ice Magic
  3312 | D:2      | Killed Natasha
  3403 | D:2      | Noticed Natasha
  3413 | D:2      | Killed Natasha
  3414 | D:2      | Reached skill level 9 in Stealth
  3501 | D:2      | Noticed Natasha
  3508 | D:2      | Killed Natasha
  3509 | D:2      | Reached skill level 2 in Ice Magic
  3509 | D:2      | Reached XP level 6. HP: 22/42 MP: 6/6
  4123 | D:4      | Reached skill level 3 in Ice Magic
  4192 | D:4      | Reached skill level 4 in Short Blades
  4205 | D:4      | Reached XP level 7. HP: 37/46 MP: 7/7
  4803 | D:3      | Found a basalt altar of Yredelemnul.
  4867 | D:3      | Found a runed translucent door.
  4868 | D:3      | Noticed Crazy Yiuf
  4929 | D:3      | Reached skill level 4 in Ice Magic
  4976 | D:3      | Killed Crazy Yiuf
  5162 | D:4      | Noticed Pargi
  5163 | D:4      | Found an ancient bone altar of Kikubaaqudgha.
  5184 | D:4      | HP: 9/46 [Pargi (8)]
  5189 | D:4      | Slain by Pargi

Illustrated notes

Levels and vault maps discovered:
D:1:      elethiomel_arrival_infinity_welcomes_careful_drivers, layout_rooms,
          minmay_misc_feat_rows
D:2:      layout_loops_corners, serial_shops, shop, nicolae_figureground_pulse,
          uniq_terence, uniq_natasha
D:3:      layout_basic, yredelemnul_forgotten_temple_becter, okawaru_gym_becter,
          st_stairs_10, uniq_crazy_yiuf_cottage
D:4:      layout_layer_cave, kennysheep_vampire_church, hangedman_decor_push,
          hangedman_decor_peaks_small, hangedman_abyss_or_decor_stabs,
          uniq_pargi
D:5:      layout_rooms, nicolae_ru_the_path_less_chosen, serial_shops, shop,
          minmay_lizard_king

Skill      XL: |  1  2  3  4  5  6  7 |
---------------+----------------------+-----
Stealth        | 7 8 9 |  9.1
Short Blades   | 3 4 |  4.5
Ice Magic      | 2 3 4 |  4.3
Fighting       | |  3.0
Dodging        | |  2.1

Action                   |  1- 3 |  4- 6 |  7- 9 || total
-------------------------+-------+-------+-------++-------
Melee: Dagger            |    33 |   164 |    39 ||   236
       Tentacles         |     6 |    30 |     8 ||    44
       Constrict         |     4 |    38 |     5 ||    47
       Punch             |       |     2 |       ||     2
Throw: Stone             |     5 |       |       ||     5
Evoke: Wand              |       |       |     1 ||     1
  Use: Scroll            |     1 |     5 |     1 ||     7
       Potion            |       |     1 |     1 ||     2
 Stab: Sleeping          |    13 |    17 |     7 ||    37
       Distracted        |       |     1 |     1 ||     2
Armor: Skin              |     1 |     6 |     9 ||    16
Dodge: Dodged            |    10 |    78 |    44 ||   132

Table legend: (Time is in decaauts)
 A = Elapsed time spent in this place.
 B = Non-inter-level travel time spent in this place.
 C = Inter-level travel time spent in this place.
 D = Time resting spent in this place.
 E = Time spent auto-exploring this place.
 F = Levels seen in this place.
 G = Mean time per level.
                   A        B        C        D        E       F      G
               +--------+--------+--------+--------+--------+-----+--------+
         Total |   5132 |   4823 |    309 |    845 |   2971 |   5 | 1026.4 |
       Dungeon |   5132 |   4823 |    309 |    845 |   2971 |   5 | 1026.4 |
               +--------+--------+--------+--------+--------+-----+--------+

Top non-repeatable levels by time:
     D:2: 1718 daAuts
     D:4: 1269 daAuts
     D:3: 1075 daAuts
     D:1: 1058 daAuts
     D:5: 10 daAuts

Table legend:
 A = Kills in this place as a percentage of kills in entire the game.
 B = Kills by you in this place as a percentage of kills by you in the entire game.
 C = Kills by friends in this place as a percentage of kills by friends in the entire game.
 D = Other kills in this place as a percentage of other kills in the entire game.
 E = Experience gained in this place as a percentage of experience gained in the entire game.
 F = Experience gained in this place divided by the number of levels of this place that you have seen.
                   A       B       C       D       E      F
               +-------+-------+-------+-------+-------+----------------------
         Total | 100.0 | 100.0 |   N/A |   N/A | 100.0 | 163.8
       Dungeon | 100.0 | 100.0 |   N/A |   N/A | 100.0 | 163.8
               +-------+-------+-------+-------+-------+----------------------
